 Dungeon Crawl Stone Soup version 0.29-a0-352-g0917bc69df (webtiles) character file.

Game seed: 2718344343892133244

69 101zpm the Gusty (level 4, -2/32 HPs)
             Began as a Gnoll Air Elementalist on Apr 24, 2022.
             Killed by nerve-wracking pain
             ... invoked by Grinder
              (12 damage)
             ... on level 3 of the Dungeon.
             The game lasted 00:04:55 (2673 turns).

101zpm the Gusty (Gnoll Air Elementalist)           Turns: 2673, Time: 00:04:55

Health: -2/32      AC:  2    Str:  7    XL:     4   Next: 20%
Magic:  11/11      EV: 13    Int: 17    God:
Gold:   165        SH:  0    Dex: 12    Spells: 12/13 levels left

rFire   . . .      SeeInvis .     - Unarmed
rCold   . . .      Faith    .   (no shield)
rNeg    . . .      Spirit   .   a - +0 robe
rPois   .          Reflect  .   (no helmet)
rElec   .          Harm     .   (no cloak)
rCorr   .          Rampage  .   (no gloves)
Will    .....                   (no boots)
Stlth   ++........              (no amulet)
HPRegen 0.10/turn               (no ring)
MPRegen 0.12/turn               (no ring)

@: no status effects
A: fangs 1, strong nose, distributed training
a: no special abilities


You were on level 3 of the Dungeon.
You visited 1 branch of the dungeon, and saw 3 of its levels.

You collected 165 gold pieces.

Inventory:

Armour
 a - a +0 robe (worn)
Jewellery
 h - the ring "Tethifil" {MP+9 Int+3}
   (You found it on level 2 of the Dungeon)

   [ring of magical power]

   Int:       It affects your intelligence (+3).
   MP:        It affects your magic capacity (+9).
Wands
 g - a wand of paralysis (12)
Scrolls
 c - 6 scrolls of identify {unknown}
 f - a scroll of enchant weapon {unknown}
 i - a scroll of enchant armour {unknown}
 j - a scroll of teleportation {unknown}
 l - a scroll of fear {unknown}
 m - a scroll of silence {unknown}
 n - a scroll of magic mapping {unknown}
Potions
 b - a potion of magic
 d - a potion of curing {unknown}
 e - a potion of might {unknown}
 k - 2 potions of heal wounds {unknown}
 o - a potion of flight {unknown}


   Skills:
 + Level 1.0 Fighting
 + Level 1.0 Short Blades
 + Level 1.0 Long Blades
 + Level 1.0 Axes
 + Level 1.0 Maces & Flails
 + Level 1.0 Polearms
 + Level 1.0 Staves
 + Level 1.0 Slings
 + Level 1.0 Bows
 + Level 1.0 Crossbows
 + Level 1.0 Throwing
 + Level 1.0 Armour
 + Level 4.6 Dodging
 + Level 4.2 Stealth
 + Level 1.0 Shields
 + Level 1.0 Unarmed Combat
 + Level 5.0 Spellcasting
 + Level 2.2 Conjurations
 + Level 0.8 Hexes
 + Level 0.8 Summonings
 + Level 0.8 Necromancy
 + Level 0.8 Translocations
 + Level 0.8 Transmutations
 + Level 0.8 Fire Magic
 + Level 0.8 Ice Magic
 + Level 5.4 Air Magic
 + Level 0.8 Earth Magic
 + Level 0.8 Poison Magic
 + Level 1.1 Invocations
 + Level 1.0 Evocations


You had 12 spell levels left.
You knew the following spells:

 Your Spells              Type           Power      Damage    Failure   Level
a - Shock                 Conj/Air       68%        1d7       3%          1

Your spell library contained the following spells:

 Spells                   Type           Power      Damage    Failure   Level
 Static Discharge         Conj/Air       17%        N/A       4%          2
 Swiftness                Air            22%        N/A       4%          3
 Airstrike                Air            11%        N/A       16%         4


Dungeon Overview and Level Annotations

Branches:
Dungeon (3/15)

Altars:

Annotations:
D:3 Grinder, Sigmund


Innate Abilities, Weirdness & Mutations

You have very sharp teeth.
Your uncanny sense of smell can sniff out nearby items.
Your experience applies equally to all skills.


Message History

[Y]es or [N]o only, please.
That beam is likely to hit you.
Continue anyway?
Okay, then.
The giant cockroach bites you but does no damage.
Aiming: Shock (safe; 3% risk of failure)
Press: ? - help, Q - select action, (/) - cycle Shift-Dir - straight line, f/p - giant cockroach
Aim: a giant cockroach (71% to hit)
The zap hits the giant cockroach.
The giant cockroach is almost dead.
The zap hits the giant cockroach.
You kill the giant cockroach!
Done exploring.
There is a stone staircase leading down here.
You climb downwards.
There is a stone staircase leading up here.
Done exploring.
(D) Dungeon
Where to? (Enter - D:2 @ (x,y), ? - help)
What level of the Dungeon? (default 1, ? - help)
There is a stone staircase leading down here.
You climb downwards.
Level annotation: Grinder, Sigmund
There is a stone staircase leading up here.
Sorry, I don't know how to get there.
Grinder shouts!
Grinder grins, showing sharp teeth.
Grinder is nearby!
Found a stone staircase leading down.
Grinder gestures at you.
You suddenly lose the ability to move!
You can move again.
Grinder zaps a wand.
The puff of flame hits you!
Things that are here:
4 stones; a +0 short sword Grinder gestures at you.
Pain shoots through your body!
Grinder blinks!
Grinder gestures at you. Pain shoots through your body!
You die...

###.......#........# .#..
#...##....#..# #
.......$#.........#.## ##.
........#.#..(....#..####..#
........#.#.....#.#....##...
........#.#.5...#.#....#####
.......#.#.....#.#.....#...
#....@#.#.....#.#........#
#######.#@....#.#######...
#......#[....#.....#.....
#.######<##..#####.#..... #.#
#...##......#.#.....
##.####.####......#.#.....
#.........##............).
##.........##..............
#######..........##..............
........##################..#.#.#


You could see Grinder.

Vanquished Creatures
  An adder (D:2)
  A worm (D:2)
  5 endoplasms
  8 giant cockroaches
  2 goblins (D:2)
  8 hobgoblins
  8 jackals
  7 kobolds
  A quokka (D:2)
  4 bats
45 creatures vanquished.

Notes
Turn   | Place    | Note
-------+----------+-------------------------------------------
     0 | D:1      | 101zpm the Gnoll Air Elementalist began the quest for the
                  | Orb.
     0 | D:1      | Reached XP level 1. HP: 13/13 MP: 6/6
   227 | D:3      | Noticed Grinder
   277 | D:3      | Noticed Sigmund
   313 | D:3      | Reached XP level 2. HP: 19/19 MP: 5/7
   885 | D:2      | Reached XP level 3. HP: 25/25 MP: 7/9
   942 | D:2      | Reached skill level 5 in Spellcasting
  1108 | D:2      | Reached skill level 1 in Invocations
  1499 | D:2      | Identified the ring "Tethifil" {MP+9 Int+3}
  1902 | D:1      | Reached skill level 1 in Fighting
  1902 | D:1      | Reached skill level 1 in Short Blades
  1902 | D:1      | Reached skill level 1 in Long Blades
  1902 | D:1      | Reached skill level 1 in Axes
  1902 | D:1      | Reached skill level 1 in Maces & Flails
  1902 | D:1      | Reached skill level 1 in Polearms
  1902 | D:1      | Reached skill level 1 in Staves
  1902 | D:1      | Reached skill level 1 in Slings
  1902 | D:1      | Reached skill level 1 in Bows
  1902 | D:1      | Reached skill level 1 in Crossbows
  1902 | D:1      | Reached skill level 1 in Throwing
  1902 | D:1      | Reached skill level 1 in Armour
  1902 | D:1      | Reached skill level 1 in Shields
  1902 | D:1      | Reached skill level 1 in Unarmed Combat
  1902 | D:1      | Reached skill level 1 in Evocations
  1997 | D:1      | Found a runed translucent door.
  2400 | D:1      | Reached XP level 4. HP: 32/32 MP: 9/11
  2664 | D:3      | Paralysed by Grinder for 2 turns
  2673 | D:3      | Killed from afar by Grinder

Illustrated notes

Levels and vault maps discovered:
D:1:      dpeg_arrival_caged_fury, layout_loops_ring, serial_forest,
          infiniplex_forest_lined_corner, infiniplex_forest_straight_4,
          infiniplex_forest_corner_1, infiniplex_forest_straight_2,
          infiniplex_forest_fountain, infiniplex_forest_lined_3_way,
          infiniplex_forest_clump_long, infiniplex_forest_lined_room_2,
          minmay_pentomino_x2
D:2:      layout_basic, corexii_hall_statues_x
D:3:      layout_rooms, serial_co_window_serial, co_window_paths_a,
          co_window_corner_a, co_window_paths_b, co_window_corner_a,
          co_window_paths_a, co_window_paths_b, co_window_unsneaky_path_b,
          co_window_2corner, co_window_broadway_b, co_window_paths_c,
          co_window_unsneaky_path_c, co_window_corner_b, co_window_2corner,
          glass_columns_b, glass_columns_b, glass_columns_b, glass_columns_b,
          hellmonk_ecumenical_altar_run_dry, uniq_grinder, uniq_robin,
          uniq_sigmund

Skill      XL: |  1  2  3 |
---------------+----------+-----
Conjurations   | 2 |  2.2
Spellcasting   | 5 |  5.0
Invocations    | 1 |  1.1
Fighting       | 1 |  1.0
Short Blades   | 1 |  1.0
Long Blades    | 1 |  1.0
Axes           | 1 |  1.0
Maces & Flails | 1 |  1.0
Polearms       | 1 |  1.0
Staves         | 1 |  1.0
Slings         | 1 |  1.0
Bows           | 1 |  1.0
Crossbows      | 1 |  1.0
Throwing       | 1 |  1.0
Armour         | 1 |  1.0
Shields        | 1 |  1.0
Unarmed Combat | 1 |  1.0
Evocations     | 1 |  1.0
Dodging        | |  4.6
Stealth        | |  4.2
Hexes          | |  0.8
Summonings     | |  0.8
Necromancy     | |  0.8
Translocations | |  0.8
Transmutations | |  0.8
Fire Magic     | |  0.8
Ice Magic      | |  0.8
Air Magic      | |  5.4
Earth Magic    | |  0.8
Poison Magic   | |  0.8

Action                   |  1- 3 |  4- 6 || total
-------------------------+-------+-------++-------
Melee: Unarmed           |     3 |       ||     3
 Cast: Shock             |    77 |    18 ||    95
Armor: Robe              |     7 |     2 ||     9
Dodge: Dodged            |    22 |     2 ||    24

Table legend: (Time is in decaauts)
 A = Elapsed time spent in this place.
 B = Non-inter-level travel time spent in this place.
 C = Inter-level travel time spent in this place.
 D = Time resting spent in this place.
 E = Time spent auto-exploring this place.
 F = Levels seen in this place.
 G = Mean time per level.
                   A        B        C        D        E       F      G
               +--------+--------+--------+--------+--------+-----+--------+
         Total |   2674 |   2601 |     73 |    269 |   2033 |   3 |  891.3 |
       Dungeon |   2674 |   2601 |     73 |    269 |   2033 |   3 |  891.3 |
               +--------+--------+--------+--------+--------+-----+--------+

Top non-repeatable levels by time:
     D:2: 1441 daAuts
     D:1: 972 daAuts
     D:3: 260 daAuts
